 Dungeon Crawl Stone Soup version 0.31-a0-931-g7b59d4eb97 (webtiles) character file.

Game seed: 6972670526681845037

549 Pixllover the Ruffian (level 7, 0/67 HPs)
             Began as a Troll Fighter on Oct 19, 2023.
             Slain by an ice beast (14 damage)
             ... on level 5 of the Dungeon.
             The game lasted 00:04:41 (3343 turns).

Pixllover the Ruffian (Troll Fighter)               Turns: 3343, Time: 00:04:43

Health: 0/67       AC:  5    Str: 27    XL:     7   Next: 7%
Magic:  6/6        EV:  8    Int:  4    God:
Gold:   220        SH: 11    Dex:  9    Spells: 6/6 levels left

rFire   . .          .
                       - Unarmed
rCold   . . .        r - +0 tower shield
rNeg    . . .        a - +0 robe
rPois   .            (helmet restricted)
rElec   .            s - +0 cloak
rCorr   .            (gloves unavailable)
SInv    +            (boots unavailable)
Will    +....        (no amulet)
Stlth   +            h - ring of see invisible
HPRegen 1.11/turn    l - ring of willpower
MPRegen 0.10/turn

%: no passive effects
@: no status effects
A: large, unfitting armour, claws 3, regeneration 1, shaggy fur 1, tough skin 1
a: no special abilities


You were on level 5 of the Dungeon.
You visited 1 branch of the dungeon, and saw 5 of its levels.

You collected 220 gold pieces.

Inventory:

Hand Weapons
 q - the +8 hand axe of Tugekeme {speed, *Corrode rF+ Dex+2}
   (You found it on level 4 of the Dungeon)

   Dex+2:     It affects your dexterity (+2).
   rF+:       It protects you from fire.
   *Corrode:  It may corrode you when you take damage.
Missiles
 f - 22 poisoned darts (quivered)
Armour
 a - a +0 robe (worn)
 b - a +0 kite shield
 r - a +0 tower shield (worn)
 s - a +0 cloak (worn)
Jewellery
 h - a ring of see invisible (left claw)
 l - a ring of willpower (right claw)
 o - a +6 ring of intelligence
Wands
 n - a wand of paralysis (11)
Scrolls
 d - a scroll of brand weapon {unknown}
 e - 2 scrolls of identify {unknown}
 g - a scroll of torment {unknown}
 m - a scroll of immolation {unknown}
 t - a scroll of fog {unknown}
Potions
 c - 5 potions of might
 i - a potion of brilliance {unknown}
 j - 2 potions of heal wounds {unknown}
 k - 3 potions of mutation {unknown}
 p - 3 potions of curing {unknown}


   Skills:
 + Level 3.0 Fighting
 + Level 3.9 Dodging
 + Level 0.7 Stealth
 + Level 4.0 Shields
 + Level 5.1 Unarmed Combat


You had 6 spell levels left.
You didn't know any spells.
Your spell library contained the following spells:

 Spells                   Type           Power      Damage    Failure   Level
 Sting                    Tmut/Pois      0%         1d3       95%         1
 Summon Small Mammal      Summ           0%         N/A       95%         1
 Cigotuvi's Dreadful Rot  Necr/Pois/Air  0%         N/A       99%         2
 Poisonous Vapours        Pois/Air       0%         N/A       99%         2
 Sublimation of Blood     Necr           0%         N/A       99%         2
 Wereblood                Tmut           0%         N/A       99%         2
 Call Canine Familiar     Summ           0%         N/A       100%        3
 Inner Flame              Hex/Fire       0%         N/A       100%        3
 Summon Guardian Golem    Hex/Summ       0%         N/A       100%        3
 Dispel Undead            Necr           0%         3d6       100%        4
 Olgreb's Toxic Radiance  Pois           0%         N/A       100%        4
 Summon Forest            Summ/Tloc      0%         N/A       100%        5
 Summon Mana Viper        Hex/Summ       0%         N/A       100%        5
 Yara's Violent Unravell  Hex/Tmut       0%         3d3       100%        5
 Death Channel            Necr           0%         N/A       100%        6
 Summon Cactus Giant      Summ           0%         N/A       100%        6
 Enfeeble                 Hex            0%         N/A       100%        7
 Summon Hydra             Summ           0%         N/A       100%        7


Dungeon Overview and Level Annotations

Branches:
Dungeon (5/15)
 Temple: D:4-7

Altars:
Trog


Innate Abilities, Weirdness & Mutations

You are too large for most types of armour.
You have claws for hands.
Your natural rate of healing is unusually fast.
You are covered in fur. (AC +1)
You have tough skin. (AC +1)


Message History

You block the ice beast's attack. The ice beast barely misses you.
You scratch the ice beast.
The ice beast is almost dead.
The ice beast hits you. The ice beast freezes you!
The ice beast hits you but does no damage.
You claw the ice beast!
You kill the ice beast!
You block the ice beast's attack. The ice beast closely misses you.
Your Fighting skill increases to level 3!
Your Shields skill increases to level 4!
Your Unarmed Combat skill increases to level 5!
You have reached level 7!
You barely miss the ice beast. You block the ice beast's attack.
You closely miss the ice beast. The ice beast closely misses you.
You closely miss the ice beast.
The hound barks!
You block the ice beast's attack.
You barely miss the ice beast. You block the ice beast's attack.
You closely miss the ice beast. You block the ice beast's attack.
You closely miss the ice beast. The ice beast hits you.
The ice beast freezes you!
You barely miss the ice beast. The hound bites you.
The ice beast barely misses you. The hound bites you.
You closely miss the ice beast. You block the hound's attack.
You block the ice beast's attack. You block the hound's attack.
You barely miss the ice beast. You block the hound's attack.
The ice beast barely misses you. The ice beast hits you.
The ice beast freezes you! The hound bites you but does no damage.
You claw the ice beast!
The ice beast is moderately wounded.
The hound barely misses you. The ice beast hits you. The ice beast freezes you.
* * * LOW HITPOINT WARNING * * *
You mangle the ice beast!!
The ice beast is almost dead.
The hound bites you.
* * * LOW HITPOINT WARNING * * *
You block the hound's attack. The ice beast hits you.
* * * LOW HITPOINT WARNING * * *
The ice beast freezes you!
You die...

.### .. ...#
... #..# ....
#..#####...<
#####..........
.....#..h......
.......@Y......
.....#.........
... #......###
. #.####...#
### #.# #.# ..#
#.# #.# #.# #.#
#.#.# #.#
#####.# #.#.#
#.# ###.....##
#.#.# #.#


You could see an ice beast and a hound.

Vanquished Creatures
  An ice beast (D:5)
  A phantom (D:4)
  A scorpion (D:5)
  4 hounds
  6 adders
  4 gnolls (D:4)
  2 ufetubi (D:5)
  A worm (D:2)
  A dart slug (D:4)
  10 orcs
  6 endoplasms
  15 goblins
  7 hobgoblins
  3 jackals (D:3)
  16 kobolds
  4 quokkas
  9 ball pythons
  2 bats (D:1)
  2 frilled lizards (D:3)
  5 rats
100 creatures vanquished.

Notes
Turn   | Place    | Note
-------+----------+-------------------------------------------
     0 | D:1      | Pixllover the Troll Fighter began the quest for the Orb.
     0 | D:1      | Reached XP level 1. HP: 22/22 MP: 0/0
   147 | D:1      | Reached XP level 2. HP: 25/29 MP: 1/1
   788 | D:2      | Reached XP level 3. HP: 33/36 MP: 2/2
  1083 | D:2      | Reached skill level 3 in Unarmed Combat
  1163 | D:2      | Reached XP level 4. HP: 40/44 MP: 3/3
  2341 | D:4      | Identified the +8 hand axe of Tugekeme {speed, *Corrode rF+
                  | Dex+2}
  2343 | D:4      | Noticed a phantom
  2343 | D:4      | Found a bloodstained altar of Trog.
  2354 | D:4      | Killed a phantom
  2355 | D:4      | Reached XP level 5. HP: 39/52 MP: 4/4
  2566 | D:4      | Reached skill level 4 in Unarmed Combat
  2839 | D:4      | Reached XP level 6. HP: 55/59 MP: 5/5
  3203 | D:5      | Entered Level 5 of the Dungeon
  3320 | D:5      | Noticed an ice beast
  3320 | D:5      | Noticed an ice beast
  3332 | D:5      | Killed an ice beast
  3333 | D:5      | Reached skill level 5 in Unarmed Combat
  3333 | D:5      | Reached XP level 7. HP: 42/67 MP: 6/6
  3343 | D:5      | Slain by an ice beast

Illustrated notes

Levels and vault maps discovered:
D:1:      eino_arrival_cavern_d, layout_basic, minmay_misc_feat_nine_boxes
D:2:      layout_basic, minmay_misc_feat_hallway, minivault_26,
          kennysheep_donut, minmay_misc_feat_doors
D:3:      layout_loops_corners, nrook_mini_backslash
D:4:      corexii_shantytown, layout_basic, lightli_temple_of_fire
D:5:      layout_rooms, mainiacjoe_overflow_paths, jmf_multi_god_temple2,
          uniq_grinder

Skill      XL: |  1  2  3  4  5  6 |
---------------+-------------------+-----
Shields        | 3 4 |  4.0
Dodging        | 3 |  3.9
Unarmed Combat | 3 4 5 |  5.1
Fighting       | 3 |  3.0
Stealth        | |  0.7

Action                     |  1- 3 |  4- 6 |  7- 9 || total
---------------------------+-------+-------+-------++-------
  Melee: Unarmed           |   100 |   204 |    11 ||   315
   Stab: Sleeping          |       |     1 |       ||     1
 Armour: Robe              |    65 |   134 |     8 ||   207
  Dodge: Dodged            |    37 |    68 |     4 ||   109
  Block: Kite shield       |    47 |    22 |       ||    69
         Tower shield      |       |   112 |     9 ||   121

Table legend: (Time is in decaauts)
 A = Elapsed time spent in this place.
 B = Non-inter-level travel time spent in this place.
 C = Inter-level travel time spent in this place.
 D = Time resting spent in this place.
 E = Time spent auto-exploring this place.
 F = Levels seen in this place.
 G = Mean time per level.
                   A        B        C        D        E       F      G
               +--------+--------+--------+--------+--------+-----+--------+
         Total |   3380 |   3273 |    107 |      0 |   2268 |   5 |  676.0 |
       Dungeon |   3380 |   3273 |    107 |      0 |   2268 |   5 |  676.0 |
               +--------+--------+--------+--------+--------+-----+--------+

Top non-repeatable levels by time:
     D:4: 986 daAuts
     D:2: 774 daAuts
     D:3: 768 daAuts
     D:1: 703 daAuts
     D:5: 148 daAuts
